 Dungeon Crawl Stone Soup version 0.22.0-75-g3901e79 (webtiles) character file.

373 robertstho the Cudgeler (level 6, -10/38 HPs)
             Began as a Gargoyle Fighter on Sept 11, 2018.
             Mangled by an ogre
             ... wielding a cursed -3 giant spiked club
              (15 damage)
             ... on level 5 of the Dungeon.
             The game lasted 00:03:57 (2346 turns).

robertstho the Cudgeler (Gargoyle Fighter)          Turns: 2346, Time: 00:03:57

Health: -10/38     AC: 15    Str: 20    XL:     6   Next: 72%
Magic:  6/6        EV:  5    Int:  9    God:
Gold:   151        SH:  9    Dex: 10    Spells: 5/5 levels left

rFire    + . .     SeeInvis .   a - +0 flail
rCold    . . .     Gourm    .   c - +0 shield
rNeg     + . .     Faith    .   x - +1 chain mail {rF+}
rPois    ∞         Spirit   .   (no helmet)
rElec    +         Reflect  .   (no cloak)
rCorr    .         Harm     .   (no gloves)
MR       ++...                  (no boots)
Stlth    ..........             g - amulet of regeneration
HPRegen  0.52/turn              q - ring of protection from magic
MPRegen  0.10/turn              v - ring of protection from magic

@: flying, hasted, very quick
A: negative energy resistance 1, electricity resistance, unbreathing,
petrification resistance, rot immunity, AC +4
a: no special abilities


You were on level 5 of the Dungeon.
You were not hungry.

You visited 1 branch of the dungeon, and saw 5 of its levels.

You collected 151 gold pieces.

Inventory:

Hand Weapons
 a - a +0 flail (weapon)
Armour
 c - a +0 shield (worn)
 x - a +1 chain mail of fire resistance (worn)
Jewellery
 g - an amulet of regeneration (around neck)
 q - a ring of protection from magic (left hand)
 v - a ring of protection from magic (right hand)
Scrolls
 e - 2 scrolls of magic mapping {unknown}
 j - 7 scrolls of identify {unknown}
 l - a scroll of immolation {unknown}
 m - 2 scrolls of remove curse {unknown}
 n - 2 scrolls of fear {unknown}
 o - 3 scrolls of blinking {unknown}
 r - a scroll of amnesia {unknown}
 w - a scroll of fog {unknown}
Potions
 b - a potion of degeneration {unknown}
 i - a potion of invisibility {unknown}
 k - 2 potions of curing {unknown}
 p - 2 potions of haste
 s - 2 potions of flight
Comestibles
 f - 9 rations
 u - a chunk of flesh


   Skills:
 + Level 3.7 Fighting
 * Level 5.0 Maces & Flails
 * Level 4.7 Armour
 + Level 1.0 Dodging
 + Level 0.6 Stealth
 + Level 4.3 Shields


You had 5 spell levels left.
You didn't know any spells.
Your spell library was empty.

Dungeon Overview and Level Annotations

Branches:
Dungeon (5/15)
 Temple: D:4-7

Altars:
Trog


Innate Abilities, Weirdness & Mutations

You are resistant to torment.
Your stone body is resilient. (AC +4)
You are immune to poison.
You resist negative energy. (rN+)
You are resistant to electric shocks. (rElec)
You can survive without breathing.
You are immune to petrification.
You are immune to rotting.


Message History

You hit the ogre.
The ogre is lightly wounded.
The ogre hits you with a giant spiked club!!
Ouch! That really hurt!
You sock the ogre!
The ogre is heavily wounded.
You block the ogre's attack.
Your chain mail prevents you from hitting the ogre.
The ogre is heavily wounded.
The ogre hits you with a giant spiked club!!
Ouch! That really hurt!
* * * LOW HITPOINT WARNING * * *
It was a potion of magic.
Magic courses through your body. The ogre barely misses you.
It was a potion of flight.
You feel very buoyant.
You fly up into the air.
It was a potion of haste.
You feel yourself speed up.
The ogre hits you with a giant spiked club!
You die...

...# #..#......# ...# #..#......#
...# #..#......# ...# #..#......#
...# #..#.....## ...# #..#......#
...# #..#....#.##
...#.##############..#....#..# .#
...#............@O...#....##.##.#
...#.................#....##..#.#
...######.........####....###.#.#
..........#######................
..........8...>_#.........###.#.#
########..#######.###..#.........
########.... ..# .#.#####...
#...... ...... ### #.#.......
.....# ###### #.........


You could see an ogre.

Vanquished Creatures
  An ogre (D:5)
  A howler monkey (D:4)
  A centaur skeleton (D:5)
  An iguana (D:4)
  3 worker ants (D:4)
  4 adders
  2 shadow imps (D:5)
  A worm (D:2)
  2 dart slugs
  6 orcs
  2 ball pythons
  5 giant cockroaches
  9 goblins
  5 hobgoblins
  8 jackals
  5 bats
  4 frilled lizards
  7 kobolds
  5 rats
72 creatures vanquished.

Notes
Turn   | Place    | Note
-------+----------+-------------------------------------------
     0 | D:1      | robertstho the Gargoyle Fighter began the quest for the
                  | Orb.
     0 | D:1      | Reached XP level 1. HP: 14/14 MP: 1/1
   140 | D:1      | Reached XP level 2. HP: 17/19 MP: 2/2
   700 | D:2      | Reached XP level 3. HP: 23/23 MP: 3/3
   909 | D:2      | Reached XP level 4. HP: 28/28 MP: 4/4
  1218 | D:3      | Reached skill level 3 in Maces & Flails
  1833 | D:4      | Reached XP level 5. HP: 29/32 MP: 5/5
  1941 | D:4      | Reached skill level 4 in Maces & Flails
  1983 | D:4      | Reached XP level 6. HP: 36/37 MP: 6/6
  2078 | D:5      | Entered Level 5 of the Dungeon
  2251 | D:5      | Reached skill level 5 in Maces & Flails
  2251 | D:5      | Reached skill level 1 in Dodging
  2324 | D:5      | Found a bloodstained altar of Trog.
  2346 | D:5      | Mangled by an ogre

Skill      XL: |  1  2  3  4  5  6 |
---------------+-------------------+-----
Armour         | 4 |  4.7
Maces & Flails | 3 4 5 |  5.0
Shields        | 4 |  4.3
Dodging        | 1 |  1.0
Fighting       | |  3.7
Stealth        | |  0.6

Action                   |  1- 3 |  4- 6 || total
-------------------------+-------+-------++-------
Melee: Flail             |   128 |   155 ||   283
  Use: Potion            |       |     4 ||     4
  Eat: Chunk             |       |     5 ||     5
Armor: Scale mail        |    85 |    63 ||   148
       Chain mail        |       |    11 ||    11
Dodge: Dodged            |    51 |    44 ||    95
Block: Shield            |    85 |    90 ||   175
